 Dungeon Crawl Stone Soup version 0.28-a0-1506-g3893175d92 (webtiles) character file.

Game seed: 9839780581244340171

86 murtidash the Magician (level 4, -5/31 HPs)
             Began as a Djinni Hedge Wizard on Jan 13, 2022.
             Killed from afar by a dart slug (6 damage)
             ... with a slug dart
             ... on level 2 of the Dungeon.
             The game lasted 00:01:31 (2190 turns).

murtidash the Magician (Djinni Hedge Wizard)        Turns: 2190, Time: 00:01:31

Health: -5/31      AC:  2    Str:  9    XL:     4   Next: 78%
Gold:   83         EV: 12    Int: 18    God:
                   SH:  0    Dex: 12

rFire   + + .      SeeInvis .   a - +0 dagger
rCold   x . .      Faith    .   (no shield)
rNeg    . . .      Spirit   .   b - +0 robe
rPois   ∞          Reflect  .   c - +0 hat
rElec   .          Harm     .   (no cloak)
rCorr   .          Rampage  .   (no gloves)
Will    .....                   (boots unavailable)
Stlth   ++........              (no amulet)
HPRegen 0.10/turn               (no ring)
MPRegen 0.00/turn               (no ring)

@: attractive, flying
A: sickness immunity, fire resistance 2, cold vulnerability 1, float, innate
caster, hp casting, extra vitality 1
a: no special abilities


You were on level 2 of the Dungeon.
You visited 1 branch of the dungeon, and saw 2 of its levels.

You collected 83 gold pieces.

Inventory:

Hand Weapons
 a - a +0 dagger (weapon)
Armour
 b - a +0 robe (worn)
 c - a +0 hat (worn)
Scrolls
 f - a scroll of fog {unknown}
 g - a scroll of silence {unknown}
Potions
 h - a potion of invisibility {unknown}


   Skills:
 - Level 2.1 Dodging
 - Level 1.5 Stealth
 + Level 4.0 Spellcasting


You couldn't memorise any spells.
You knew the following spells:

 Your Spells              Type           Power      Damage    Failure   Level
b - Blink                 Tloc           36%        N/A       4%          2
c - Call Imp              Summ           18%        N/A       4%          2
s - Slow                  Hex            72%        N/A       2%          1
x - Mephitic Cloud        Conj/Pois/Air  18%        N/A       9%          3
U - Sting                 Tmut/Pois      72%        1d6       2%          1
X - Conjure Flame         Conj/Fire      18%        6-21      9%          3
Z - Magic Dart            Conj           72%        1d6       2%          1
Your spell library was empty.

Dungeon Overview and Level Annotations

Branches:
Dungeon (2/15)

Altars:


Innate Abilities, Weirdness & Mutations

You are immune to sickness and miasma.
You are immune to poison.
Your flesh is very heat resistant. (rF++)
You are vulnerable to cold. (rC-)
You float through the air rather than walking.
You learn spells naturally, not from books.
Your magical power is your life essence.
You have superior vitality. (+4 MHP)


Message History

You kill the gnoll!
You have reached level 4!
You feel clever.
You take 1 damage, and have 23/31 hp.
The spell is quite dangerous to miscast (10% risk of failure)!
Continue anyway?
Aim: a gnoll, wielding a +0 club (heavily wounded, chance to affect: 91%)
The ball explodes into a vile cloud!
The stinking cloud engulfs the gnoll but does no damage.
The stinking cloud engulfs the hobgoblin but does no damage.
The stinking cloud engulfs the gnoll but does no damage.
The gnoll is engulfed in noxious fumes.
The gnoll appears confused.
The gnoll is engulfed in noxious fumes.
The gnoll appears confused.
The hobgoblin is engulfed in noxious fumes.
The hobgoblin appears confused.
You take 3 damage, and have 20/31 hp.
Aim: a gnoll, wielding a +0 club (noxious fumes, heavily wounded, confused, 100% to hit)
The magic dart hits the gnoll.
The gnoll is engulfed in noxious fumes.
The gnoll appears confused.
The gnoll hits you with a +0 club.
A gnoll opens the door.
The hobgoblin is engulfed in noxious fumes.
The hobgoblin appears confused.
The hobgoblin asks, "Where am I?"
You take 3 damage, and have 17/31 hp.
Aim: a gnoll, wielding a +0 club (noxious fumes, severely wounded, confused, 100% to hit)
The magic dart hits the gnoll but does no damage.
The gnoll is engulfed in noxious fumes.
The gnoll appears confused.
The gnoll hits the hobgoblin with a +0 club.
The hobgoblin is killed!
The gnoll is engulfed in noxious fumes.
The gnoll appears confused.
Aim: a gnoll, wielding a +0 club (noxious fumes, severely wounded, confused, 100% to hit)
The magic dart hits the gnoll.
The gnoll is engulfed in noxious fumes.
The gnoll appears confused.
You kill the gnoll!
The gnoll is engulfed in noxious fumes.
The gnoll appears confused.
You take 1 damage, and have 16/31 hp.
Aim: a gnoll, wielding a +0 halberd (noxious fumes, confused, 100% to hit)
The magic dart hits the gnoll but does no damage.
The gnoll is engulfed in noxious fumes.
The gnoll appears confused.
You take 1 damage, and have 15/31 hp.
Aim: a gnoll, wielding a +0 halberd (confused, 100% to hit)
The magic dart hits the gnoll.
You take 1 damage, and have 14/31 hp.
Aim: a gnoll, wielding a +0 halberd (heavily wounded, confused, 100% to hit)
The magic dart hits the gnoll.
The gnoll hits the gnoll with a +0 halberd!
The gnoll is killed!
You take 1 damage, and have 13/31 hp.
Aim: a gnoll, wielding a +0 halberd (heavily wounded, confused, 100% to hit)
You miscast Magic Dart.
You are very lightly contaminated with residual magic.
Nothing appears to happen.
You take 1 damage, and have 12/31 hp.
Aim: a gnoll, wielding a +0 halberd (moderately wounded, confused, 100% to hit)
The magic dart hits the gnoll but does no damage.
The dart slug launches a dart at you. The slug dart hits you.
You take 2 damage, and have 10/31 hp.
Aim: a gnoll, wielding a +0 halberd (moderately wounded, confused, 100% to hit)
The magic dart hits the gnoll.
* * * LOW HITPOINT WARNING * * *
You take 1 damage, and have 9/31 hp.
Aim: a gnoll, wielding a +0 halberd (severely wounded, confused, 100% to hit)
The magic dart hits the gnoll.
* * * LOW HITPOINT WARNING * * *
You take 1 damage, and have 8/31 hp.
Aim: a gnoll, wielding a +0 halberd (almost dead, confused, 100% to hit)
The magic dart hits the gnoll but does no damage.
* * * LOW HITPOINT WARNING * * *
The gnoll closely misses you.
You take 1 damage, and have 7/31 hp.
Aim: a gnoll, wielding a +0 halberd (almost dead, confused, 100% to hit)
The magic dart hits the gnoll.
You kill the gnoll!
* * * LOW HITPOINT WARNING * * *
Your Spellcasting skill increases to level 4!
Aim: a dart slug (100% to hit)
The magic dart hits the dart slug.
* * * LOW HITPOINT WARNING * * *
Your magical contamination has completely faded away.
You take 1 damage, and have 6/31 hp.
Aim: a dart slug (lightly wounded, 100% to hit)
The magic dart hits the dart slug.
* * * LOW HITPOINT WARNING * * *
The dart slug bites you but does no damage.
You take 1 damage, and have 5/31 hp.
Aim: a dart slug (heavily wounded, 100% to hit)
The magic dart hits the dart slug.
* * * LOW HITPOINT WARNING * * *
The dart slug briefly extends its eye-stalks.
The dart slug bites you.
* * * LOW HITPOINT WARNING * * *
You take 4 damage, and have 1/31 hp.
It was a potion of magic.
Magic washes over you without effect.
It was a potion of attraction.
You feel attractive to monsters. The dart slug barely misses you.
You hit the dart slug but do no damage. The dart slug launches a dart at you.
The slug dart hits you.
You die...

##......#.........#.######.
.....#########.#....######.#
.......# #.....#........
####.#.# ###...........#
..#... #.#.#........ ..# ...
#.#.######### #..# ....#
#.#......... #..# ####
#.########## #..# #@# #w#
#)# '.. #.( #... #... #....


You could see a dart slug.

Vanquished Creatures
  An adder (D:2)
  4 gnolls (D:2)
  A dart slug (D:1)
  2 ball pythons
  4 bats
  6 endoplasms
  A goblin (D:2)
  4 hobgoblins
  4 jackals (D:1)
  3 kobolds (D:1)
  2 quokkas (D:1)
  A frilled lizard (D:2)
  A rat (D:1)
34 creatures vanquished.

Notes
Turn   | Place    | Note
-------+----------+-------------------------------------------
     0 | D:1      | murtidash the Djinni Hedge Wizard began the quest for the
                  | Orb.
     0 | D:1      | Reached XP level 1. HP: 15/15 MP: 0/0
    22 | D:1      | HP: 2/15 [dart slug/slug dart (2)]
   384 | D:1      | Reached XP level 2. HP: 17/21 MP: 0/0
   592 | D:1      | Reached skill level 3 in Spellcasting
  1085 | D:1      | Reached XP level 3. HP: 19/25 MP: 0/0
  1085 | D:1      | Learned a level 1 spell: Sting
  2172 | D:2      | Reached XP level 4. HP: 23/31 MP: 0/0
  2185 | D:2      | Reached skill level 4 in Spellcasting
  2187 | D:2      | HP: 1/31 [dart slug (3)]
  2190 | D:2      | Killed from afar by a dart slug

Illustrated notes

Levels and vault maps discovered:
D:1:      amcnicky_arrival_feature_with_door, layout_loops_ring
D:2:      layout_basic

Skill      XL: |  1  2  3  4 |
---------------+-------------+-----
Spellcasting   | 3 4 |  4.0
Dodging        | |  2.1
Stealth        | |  1.5

Action                   |  1- 3 |  4- 6 || total
-------------------------+-------+-------++-------
Melee: Dagger            |     3 |     1 ||     4
 Cast: Magic Dart        |    96 |    14 ||   110
       Mephitic Cloud    |       |     1 ||     1
  Use: Potion            |       |     2 ||     2
Armor: Robe              |     5 |     1 ||     6
Dodge: Dodged            |    14 |     2 ||    16

Table legend: (Time is in decaauts)
 A = Elapsed time spent in this place.
 B = Non-inter-level travel time spent in this place.
 C = Inter-level travel time spent in this place.
 D = Time resting spent in this place.
 E = Time spent auto-exploring this place.
 F = Levels seen in this place.
 G = Mean time per level.
                   A        B        C        D        E       F      G
               +--------+--------+--------+--------+--------+-----+--------+
         Total |   2189 |   2171 |     18 |      0 |   2012 |   2 | 1094.5 |
       Dungeon |   2189 |   2171 |     18 |      0 |   2012 |   2 | 1094.5 |
               +--------+--------+--------+--------+--------+-----+--------+

Top non-repeatable levels by time:
     D:1: 1842 daAuts
     D:2: 347 daAuts

Table legend:
 A = Kills in this place as a percentage of kills in entire the game.
 B = Kills by you in this place as a percentage of kills by you in the entire game.
 C = Kills by friends in this place as a percentage of kills by friends in the entire game.
 D = Other kills in this place as a percentage of other kills in the entire game.
 E = Experience gained in this place as a percentage of experience gained in the entire game.
 F = Experience gained in this place divided by the number of levels of this place that you have seen.
                   A       B       C       D       E      F
               +-------+-------+-------+-------+-------+----------------------
         Total | 100.0 | 100.0 |   N/A | 100.0 | 100.0 |  62.0
       Dungeon | 100.0 | 100.0 |   N/A | 100.0 | 100.0 |  62.0
               +-------+-------+-------+-------+-------+----------------------
